Map: Prion Terraces

Players

Decency - Winner!

  • Race: Terran Terran
  • League: Gold

A.I. 1 (Elite)

  • Race: Protoss Protoss

VOD

Have the link to the VOD?

Description

Time

  • Played on: Dec. 16, 2015, 1:12 a.m.
  • Length: 5:07
Show
View Real Time Build Order
Export as new Build Order

Decency Terran - Winner!

Build Orders:  

Get SALT Encoding   

  12  0:00  SCV  
  13  0:12  SCV  
  14  0:16  Supply Depot  
  14  0:24  SCV  
  15  0:30  Refinery  
  15  0:38  SCV  
  16  0:44  Barracks  
  16  0:50  SCV  
  17  0:59  Barracks  
  18  1:04  SCV  
  18  1:16  SCV  
  19  1:30  Orbital Command  
  19  1:31  Barracks Tech Lab  
  19  1:38  Supply Depot  
  19  1:46  Barracks Reactor  
  19  1:49  Marine  
  20  1:55  SCV  
  21  2:01  Stimpack  
  21  2:07  Marine  
  21  2:08  SCV  
  23  2:22  Marine x2  
  25  2:25  Marine  
  26  2:31  Command Center  
  27  2:39  Marine x2  
  27  2:43  Marine  
  29  2:45  Supply Depot  
  29  2:51  Ghost Academy  
  28  2:59  Marine x2  
  28  3:01  Marine  
  31  3:13  SCV  
  31  3:16  Marine  
  31  3:17  Marine  
  34  3:20  Ghost  
  34  3:25  SCV  
  37  3:34  Marine  
  37  3:35  Marine  
  39  3:42  Orbital Command  
  39  3:43  SCV  
  40  3:49  Marine  
  40  3:55  SCV  
  42  3:56  Marine x2  
  42  3:59  Bunker  
  44  4:07  SCV  
  44  4:09  SCV  
  46  4:10  Engineering Bay  
  46  4:13  Marine  
  46  4:14  Marine  
  46  4:15  Marine  
  49  4:19  SCV  
Show
View Real Time Build Order
Export as new Build Order

A.I. 1 (Elite) Protoss 

Build Orders: 1 Gate Expand 

Get SALT Encoding   

  12  0:01  Probe (Chrono Boost)  
  13  0:11  Probe (Chrono Boost)  
  14  0:20  Pylon  
  14  0:22  Probe (Chrono Boost)  
  15  0:39  Probe (Chrono Boost)  
  16  0:47  Assimilator  
  16  0:49  Probe (Chrono Boost)  
  17  0:50  Gateway  
  17  1:00  Probe (Chrono Boost)  
  17  1:01  Pylon  
  18  1:10  Probe (Chrono Boost)  
  19  1:21  Probe (Chrono Boost)  
  20  1:31  Probe (Chrono Boost)  
  21  1:40  Nexus  
  21  1:42  Probe (Chrono Boost)  
  21  1:45  Zealot  
  24  1:54  Probe (Chrono Boost)  
  25  2:02  Cybernetics Core  
  25  2:05  Probe (Chrono Boost)  
  26  2:16  Probe (Chrono Boost)  
  27  2:26  Probe (Chrono Boost)  
  27  2:29  Pylon  
  28  2:33  Warp Gate  
  28  2:36  Stalker  
  29  2:37  Probe (Chrono Boost)  
  29  2:42  Gateway  
  31  2:45  Assimilator  
  31  2:49  Probe (Chrono Boost)  
  32  3:04  Probe (Chrono Boost), Adept  
  34  3:05  Pylon  
  34  3:07  Probe (Chrono Boost)  
  36  3:15  Probe (Chrono Boost)  
  36  3:18  Probe (Chrono Boost)  
  38  3:27  Adept, Robotics Facility  
  38  3:29  Adept  
  38  3:33  Probe (Chrono Boost)  
  43  3:36  Probe (Chrono Boost)  
  44  3:45  Probe (Chrono Boost)  
  44  3:47  Probe (Chrono Boost)  
  46  3:52  Adept  
  48  3:56  Adept  
  48  3:57  Probe (Chrono Boost)  
  48  3:58  Probe (Chrono Boost)  
  52  4:08  Probe (Chrono Boost)  
  54  4:10  Probe (Chrono Boost)  
  54  4:17  Adept  
  54  4:19  Probe (Chrono Boost), Observer, Pylon  
  54  4:21  Stalker, Probe (Chrono Boost), Robotics Bay  
  33  4:51  Zealot  
  28  4:54  Probe (Chrono Boost)  
  28  4:55  Probe (Chrono Boost)  
  28  4:59  Stalker  
Tags
 
Add a new tag
Caveats
  • Supply blocks, unpowered buildings, or Contaminate may cause inaccurate times.
  • Supply counts are checked every 10 seconds.